 Dungeon Crawl Stone Soup version 0.17-a0-1753-g75d4604 (webtiles) character file.

2409 kae the Summoner (level 9, -2/90 HPs)
             Began as a Merfolk Summoner on Sept 2, 2015.
             Was a Follower of Sif Muna.
             Slain by a gnoll sergeant
             ... wielding a +0 flail
              (4 damage)
             ... on level 8 of the Dungeon.
             The game lasted 00:30:49 (11591 turns).

kae the Summoner (Merfolk Summoner)                Turns: 11591, Time: 00:30:50

Health: -2/90      AC: 24    Str:  9    XL:     9   Next: 47%
Magic:  24/27      EV:  2    Int: 17    God:    Sif Muna [*.....]
Gold:   272        SH:  0    Dex: 14    Spells: 5 memorised, 8 levels left

rFire  . . .     SeeInvis .     y - +2 trident (freeze)
rCold  . . .     Clarity  .     (armour currently unavailable)
rNeg   + + +     SustAt   .     (no shield)
rPois  +         Gourm    .     (helmet currently unavailable)
rElec  .         Spirit   .     (cloak currently unavailable)
rCorr  .         Warding  .     (gloves currently unavailable)
rMut   .         NoTele   +     (boots currently unavailable)
MR     .....                    i - amulet of rage
Stlth  +++.......               t - +2 ring of evasion
                                h - ring of magical power

@: lethally poisoned (-2 -> -12), tree-form, not resistant to hostile
enchantments, fairly stealthy
A: (change form in water), (swift swim), (cold resistance 0), frail 1, (poison
resistance)
a: Channel Energy, Renounce Religion, Evoke Berserk Rage


You were on level 8 of the Dungeon.
You worshipped Sif Muna.
Sif Muna was aware of your devotion.
You were hungry.
You were a tree.
You visited 2 branches of the dungeon, and saw 9 of its levels.

You collected 439 gold pieces.
You spent 167 gold pieces at shops.

Inventory:

Hand weapons
 r - a +2 short sword of speed
 w - a +1 quarterstaff of speed
 y - a +2 trident of freezing (weapon)
Armour
 a - a +0 robe
 m - a +0 chain mail
 J - a +1 pair of gloves (melded)
 N - a +0 helmet (melded)
 O - a +2 robe of magic resistance (melded)
Jewellery
 h - a ring of magical power (left branch)
 i - an amulet of rage (around neck)
 n - an uncursed ring of protection from cold
 t - a +2 ring of evasion (right branch)
 u - a +1 ring of slaying
Magical devices
 x - a wand of enslavement (20)
 C - a wand of polymorph (11)
 H - a wand of random effects (27)
Scrolls
 j - a scroll of teleportation
 k - 3 scrolls of remove curse
 L - a scroll of immolation
Potions
 d - a potion of might
 f - a potion of flight
 g - 3 potions of agility
 p - a potion of haste
 q - 2 potions of invisibility
 M - a potion of resistance
Books
 b - a book of Callings

   Spells                             Type                      Level
   a - Summon Small Mammal            Summoning                    1
   b - Call Imp                       Summoning                    2
   c - Call Canine Familiar           Summoning                    3
   d - Summon Guardian Golem          Hexes/Summoning              3
   e - Summon Lightning Spire         Summoning/Air                4
   f - Summon Ice Beast               Ice/Summoning                4
 D - a Necronomicon

   Spells                             Type                      Level
   a - Haunt                          Necromancy/Summoning         7
   b - Borgnjor's Revivification      Necromancy                   8
   c - Death's Door                   Charms/Necromancy            8
   d - Necromutation                  Transmutation/Necromancy     8
 E - a book of Fire

   Spells                             Type                      Level
   a - Ignite Poison                  Fire/Transmutation/Poison    3
   b - Fireball                       Conjuration/Fire             5
   c - Bolt of Fire                   Conjuration/Fire             6
   d - Delayed Fireball               Conjuration/Fire             7
   e - Ring of Flames                 Charms/Fire                  7
Comestibles
 c - 8 bread rations
 l - a meat ration
 s - 6 beef jerkies
 A - 5 fruits
 B - 3 chunks of flesh


   Skills:
 + Level 4.9 Fighting
 - Level 2.6 Dodging
 - Level 2.1 Stealth
 * Level 6.5 Spellcasting
 - Level 10.1 Summonings


You had 8 spell levels left.
You knew the following spells:

 Your Spells              Type           Power        Failure   Level  Hunger
a - Summon Small Mammal   Summ           ####         1%          1    None
b - Call Imp              Summ           #####...     1%          2    None
c - Call Canine Familiar  Summ           #####...     1%          3    ##.....
d - Summon Guardian Gole  Hex/Summ       ###.....     6%          3    ##.....
e - Summon Ice Beast      Ice/Summ       ###.....     17%         4    ####...


Dungeon Overview and Level Annotations

Branches:
Dungeon (8/15)             Temple (1/1) D:6
   Lair: D:8-11

Altars:
Ashenzari
Cheibriados
Dithmenos
Gozag
Makhleb
Nemelex Xobeh
Qazlal
Sif Muna
Vehumet
Zin
The Shining One

Shops:
D:4 (*:!


Innate Abilities, Weirdness & Mutations

((You revert to your normal form in water.))
((You are very nimble and swift while swimming.))
((Your flesh is cold resistant.))
You are frail (-10% HP).
((Your system is resistant to poisons.))


Message History

You feel sick.
The kobold shoots a poisoned needle.
The poisoned needle hits you.
You are more poisoned.
Drink which item? (? for menu, Esc to quit)
You turn into a tree.
Your +0 helmet melds into your body.
Your +1 pair of gloves melds into your body.
Your +2 robe of magic resistance melds into your body.
You feel less resistant to hostile enchantments.
Your roots penetrate the ground.
* * * LOW HITPOINT WARNING * * *
You feel sick.
The gnoll sergeant hits you but does no damage.
Casting: Call Canine Familiar
Confirm with . or Enter, or press ? or * to list all spells.
A beastly little devil appears in a puff of flame.
The sentinel's mark upon you fades away.
* * * LOW HITPOINT WARNING * * *
You feel sick.
The gnoll sergeant hits you with a flail.
You die...

# #>#..(. #.##.##.#
##... # #.##o##.###..#
# #..o.##.##(..# #
###......).(!##
###...)..(###(#
#.........(###.# #
#.####..)#..####.# #..
##5# ##).##(....⌠. ...
##K♣# #..#..#### ...
#.g######....## ...
...oKKK#....##...###.#
...
....K###g...###.....#
(..
#....)........#g#...#
..
#........g....#.##..#
..............#H# #...
# ........g.)g#.# #...
..........#h..# .###


You could see an orc warrior, a big kobold, a gnoll sergeant, 4 kobolds and a
friendly crimson imp.

Vanquished Creatures
  A centaur warrior (D:8)
  2 ice beasts (D:7)
  A water moccasin zombie (D:7)
  3 wights
  A giant frog zombie (D:8)
  An orc wizard (D:5)
  2 orc priests
  2 iguanas (D:4)
  2 worker ants
  A hound zombie (D:6)
  A worker ant zombie (D:5)
  4 adders
  A gnoll (D:8)
  2 oozes
  2 adder skeletons (D:5)
  A worm (D:3)
  3 giant geckos
  7 orcs
  15 bats
  6 giant cockroaches
  9 goblins
  6 hobgoblins
  11 kobolds
  A giant gecko skeleton (D:5)
  2 giant newts
  3 jackals
  A jackal skeleton (D:5)
  6 quokkas
  2 quokka skeletons
  2 rats
101 creatures vanquished.

Vanquished Creatures (collateral kills)
  A hippogriff (D:8)
  A water moccasin (D:5)
  Duvessa (D:7)
  An ice beast (D:7)
  A necrophage (D:8)
  2 sky beasts (D:5)
  4 ogres
  An orc warrior (D:6)
  2 centaurs
  Dowan (D:7)
  5 giant frogs
  3 wights (D:7)
  The ghost of kosy22 the Covered, a weakling DgFi (D:5)
  A scorpion (D:5)
  2 crimson imps
  A giant frog zombie (D:5)
  2 orc priests
  A hound (D:5)
  An iguana (D:5)
  3 worker ants
  2 hound skeletons
  Robin (D:2)
  2 adders
  3 gnolls (D:2)
  An adder skeleton (D:8)
  3 giant geckos
  10 orcs
  A ball python (D:3)
  4 bats
  A giant cockroach (D:1)
  4 hobgoblins
  5 jackals
  A quokka (D:7)
  A giant newt (D:1)
  9 goblins
  5 kobolds
  5 rats
93 creatures vanquished.

Grand Total: 194 creatures vanquished

Notes
Turn   | Place    | Note
--------------------------------------------------------------
     0 | D:1      | kae the Merfolk Summoner began the quest for the Orb.
     0 | D:1      | Reached XP level 1. HP: 13/13 MP: 3/3
   551 | D:1      | Reached XP level 2. HP: 4/19 MP: 5/5
   840 | D:1      | Learned a level 2 spell: Call Imp
  1347 | D:2      | Reached XP level 3. HP: 21/24 MP: 6/6
  1528 | D:2      | Reached skill level 5 in Summonings
  1542 | D:2      | Learned a level 3 spell: Call Canine Familiar
  2108 | D:2      | Noticed Robin
  2120 | D:2      | Killed Robin
  2120 | D:2      | Reached XP level 4. HP: 28/30 MP: 7/7
  2762 | D:3      | Reached skill level 6 in Summonings
  3254 | D:3      | Reached XP level 5. HP: 19/35 MP: 8/8
  4267 | D:4      | Found Fieso's Antique Weapon Shop.
  4275 | D:4      | Bought a runed trident for 80 gold pieces
  4283 | D:4      | Found Guixom's Assorted Antiques.
  4284 | D:4      | Found a shadowy altar of Dithmenos.
  4291 | D:4      | Bought an amethyst potion for 17 gold pieces
  4291 | D:4      | Bought 2 coppery potions for 34 gold pieces
  4320 | D:4      | Noticed an ogre
  4336 | D:4      | Killed an ogre
  4336 | D:4      | Reached skill level 7 in Summonings
  4336 | D:4      | Reached XP level 6. HP: 41/41 MP: 4/9
  4370 | D:4      | Found Fuocris's Book Boutique.
  4731 | D:4      | Found Moiraxel's Distillery.
  4833 | D:4      | Bought a potion of lignification for 36 gold pieces
  4947 | D:5      | Entered Level 5 of the Dungeon
  5356 | D:5      | Reached skill level 8 in Summonings
  5397 | D:5      | Reached XP level 7. HP: 20/46 MP: 10/10
  6761 | D:5      | Reached skill level 9 in Summonings
  6932 | D:5      | Noticed kosy22's ghost (weakling DgFi)
  6941 | D:5      | Killed kosy22's ghost
  7483 | D:6      | Reached XP level 8. HP: 41/52 MP: 11/11
  7533 | D:6      | HP: 2/52 [orc warrior/scimitar (17)]
  8380 | D:6      | Reached skill level 10 in Summonings
  8532 | D:6      | Found a staircase to the Ecumenical Temple.
  8666 | Temple   | Entered the Ecumenical Temple
  8841 | Temple   | Became a worshipper of Sif Muna the Loreminder
  9069 | D:7      | Found a snail-covered altar of Cheibriados.
  9196 | D:7      | Noticed Duvessa
  9208 | D:7      | Killed Duvessa
  9338 | D:7      | Reached skill level 1 in Fighting
 10076 | D:7      | Noticed Dowan
 10119 | D:7      | Killed Dowan
 10163 | D:7      | Learned a level 3 spell: Summon Guardian Golem
 10168 | D:7      | Learned a level 4 spell: Summon Ice Beast
 10376 | D:7      | Acquired Sif Muna's first power
 10850 | D:8      | Reached skill level 5 in Spellcasting
 10850 | D:8      | Reached XP level 9. HP: 58/64 MP: 16/16
 10874 | D:8      | Noticed a centaur warrior
 10905 | D:8      | Killed a centaur warrior
 11084 | D:8      | HP: 3/66 [something (5)]
 11564 | D:8      | HP: 2/67 [something (9)]
 11589 | D:8      | Gained mutation: Your system is resistant to poisons. [potion of mutation]
 11589 | D:8      | Gained mutation: Your flesh is cold resistant. [potion of mutation]
 11589 | D:8      | Gained mutation: You are frail (-10% HP). [potion of mutation]
 11589 | D:8      | HP: 3/60 [poisoned by a kobold]
 11591 | D:8      | Slain by a gnoll sergeant

Vault maps used:
D:1:      ncdulo_halloftheorcs
D:2:      uniq_robin
D:3:      minmay_unequal
D:4:      serial_shops, shop, shop, shop, nicolae_shop_statue_plus, first_bread,
          nicolae_dithmenos_the_darkroom
D:5:      corexii_shack_village
D:6:      temple_hall
D:7:      nicolae_overflow_hidden_temple, uniq_duvessa
D:8:      amethyst_overflow_temple_binary, basic_altar, grunt_ogre_cave,
          kb_rosetta
Temple:   chambers_temple_10

Action                   |  1- 3 |  4- 6 |  7- 9 || total
-------------------------+-------+-------+-------++-------
Melee: Unarmed           |    42 |       |       ||    42
       Short sword       |    63 |   199 |   253 ||   515
       Trident           |       |       |    50 ||    50
 Cast: Summon Small Mamm |    20 |     2 |    15 ||    37
       Call Imp          |     8 |    20 |    61 ||    89
       Call Canine Famil |     3 |    17 |    48 ||    68
       Summon Guardian G |       |       |     3 ||     3
  Use: Scroll            |     3 |     5 |    15 ||    23
       Potion            |       |       |     8 ||     8
 Stab: Sleeping          |     5 |     3 |     3 ||    11
       Distracted        |       |     1 |     3 ||     4
  Eat: Chunk             |     5 |    12 |    16 ||    33
       Beef jerky        |       |     1 |     1 ||     2
       Meat ration       |       |       |     2 ||     2
